 Dungeon Crawl Stone Soup version 0.21.1-1-g345015f (webtiles) character file.

288 Mirai the Thaumaturge (level 6, -1/32 HPs)
             Began as a Deep Elf Conjurer on Mar 26, 2018.
             Slain by xccam's ghost (7 damage)
             ... on level 4 of the Dungeon.
             The game lasted 00:07:04 (2282 turns).

Mirai the Thaumaturge (Deep Elf Conjurer)           Turns: 2282, Time: 00:07:04

Health: -1/32      AC:  4    Str:  5    XL:     6   Next: 9%
Magic:  7/19       EV: 13    Int: 22    God:
Gold:   142        SH:  0    Dex: 15    Spells: 11/22 levels left

rFire    . . .     SeeInvis .   x - +1 dagger (venom)
rCold    . . .     Gourm    .   (no shield)
rNeg     . . .     Faith    .   a - +0 robe
rPois    .         Spirit   .   l - +0 helmet
rElec    .         Reflect  .   (no cloak)
rCorr    .         Harm     .   j - +0 pair of gloves
MR       .....                  (no boots)
Stlth    ++........             (no amulet)
HPRegen  0.10/turn              (no ring)
MPRegen  0.16/turn              (no ring)

@: no status effects
A: no striking features
a: no special abilities


You were on level 4 of the Dungeon.
You were not hungry.

You visited 1 branch of the dungeon, and saw 4 of its levels.

You collected 142 gold pieces.

Inventory:

Hand Weapons
 g - a +0 short sword
 u - a +0 hand axe
 x - a +1 dagger of venom (weapon)
Armour
 a - a +0 robe (worn)
 j - a +0 pair of gloves (worn)
 l - a +0 helmet (worn)
Wands
 w - a wand of paralysis (9)
Scrolls
 e - a scroll of teleportation
 h - 2 scrolls of immolation {unknown}
 k - a scroll of blinking {unknown}
 m - 3 scrolls of identify {unknown}
 o - a scroll of remove curse {unknown}
 q - a scroll of enchant armour {unknown}
 r - a scroll of magic mapping {unknown}
 t - a scroll of amnesia {unknown}
 v - 2 scrolls of noise {unknown}
 y - a scroll of enchant weapon {unknown}
Potions
 d - 2 potions of heal wounds {unknown}
 i - a potion of curing
 n - a potion of brilliance {unknown}
 p - a potion of degeneration {unknown}
 s - 2 potions of haste {unknown}
Books
 b - a book of Conjurations

   Spells                             Type                      Level
   a - Magic Dart                     Conjuration                  1
   b - Searing Ray                    Conjuration                  2
   c - Dazzling Spray                 Conjuration/Hexes            3
   d - Fulminant Prism                Conjuration/Hexes            4
   e - Force Lance                    Conjuration/Translocation    4
   f - Iskenderun's Mystic Blast      Conjuration                  4
Comestibles
 c - 4 rations
 f - 8 chunks of flesh


   Skills:
 - Level 2.4 Dodging
 - Level 2.4 Stealth
 + Level 8.6 Spellcasting
 - Level 4.3 Conjurations


You had 11 spell levels left.
You knew the following spells:

 Your Spells              Type           Power        Failure   Level  Hunger
a - Magic Dart            Conj           ####         1%          1    None
b - Searing Ray           Conj           ####..       1%          2    None
c - Iskenderun's Mystic   Conj           ####....     12%         4    ##.....
d - Fulminant Prism       Conj/Hex       ###.......   28%         4    ##.....


Dungeon Overview and Level Annotations

Branches:
Dungeon (4/15)
 Temple: D:4-7

Altars:
Kikubaaqudgha
Okawaru
Zin

Annotations:
D:4 xccam's ghost, novice OpMo


Message History

Xccam's ghost is heavily damaged.
Xccam's ghost hits you!
The searing ray hits xccam's ghost.
Xccam's ghost is almost destroyed.
You finish channeling your searing ray.
Xccam's ghost hits you.
Casting: Searing Ray
Confirm with . or Enter, or press ? or * to list all spells.
Aiming: Searing Ray
Press: ? - help, Shift-Dir - straight line, f/p - xccam's ghost
Aim: xccam's ghost (almost destroyed)
The searing ray hits xccam's ghost.
Xccam's ghost is almost destroyed. (Press . to maintain the ray.) Xccam's ghost laughs crazily.
Xccam's ghost hits you.
* * * LOW HITPOINT WARNING * * *
The searing ray hits xccam's ghost.
Xccam's ghost is almost destroyed.
Xccam's ghost hits you!
You die...

#. #. ### #. ..# #. #.# #.
#.# # # #. #.# .#. ##
###.##########.#
#....W@......#.#
.....#?########.#.#
..#........# #.#.#
#.......###.####.#>########
........# #........(.......
#.......# ######.#####.####
...#....# #.# #......
........# #.# #..####
##.[....# #.# #..# #


You could see xccam's ghost.

Vanquished Creatures
  Sigmund (D:3)
  An orc priest (D:3)
  5 adders
  An adder skeleton (D:3)
  A dart slug (D:1)
  3 leopard geckos
  5 orcs
  9 bats
  4 giant cockroaches
  7 goblins
  9 hobgoblins
  5 kobolds
  A quokka (D:3)
  3 frilled lizards
  4 rats
59 creatures vanquished.

Vanquished Creatures (others)
  A frilled lizard (D:3)
1 creature vanquished.

Grand Total: 60 creatures vanquished

Notes
Turn   | Place    | Note
-------+----------+-------------------------------------------
     0 | D:1      | Mirai the Deep Elf Conjurer began the quest for the Orb.
     0 | D:1      | Reached XP level 1. HP: 10/10 MP: 6/6
   321 | D:1      | Reached skill level 4 in Spellcasting
   321 | D:1      | Reached XP level 2. HP: 15/15 MP: 5/9
   891 | D:2      | Reached skill level 5 in Spellcasting
   891 | D:2      | Reached XP level 3. HP: 15/19 MP: 3/11
  1084 | D:2      | Found a glowing silver altar of Zin.
  1126 | D:2      | Found an iron altar of Okawaru.
  1220 | D:2      | Reached XP level 4. HP: 24/24 MP: 8/13
  1244 | D:2      | Found an ancient bone altar of Kikubaaqudgha.
  1374 | D:3      | Reached skill level 6 in Spellcasting
  1543 | D:3      | Learned a level 2 spell: Searing Ray
  1548 | D:3      | Learned a level 4 spell: Iskenderun's Mystic Blast
  1553 | D:3      | Learned a level 4 spell: Fulminant Prism
  1663 | D:3      | Noticed Sigmund
  1673 | D:3      | Killed Sigmund
  1673 | D:3      | Reached skill level 8 in Spellcasting
  1673 | D:3      | Reached XP level 5. HP: 10/28 MP: 11/18
  1673 | D:3      | Reached XP level 6. HP: 11/32 MP: 11/19
  2255 | D:4      | Noticed xccam's ghost (novice OpMo)
  2282 | D:4      | Slain by xccam's ghost

Skill      XL: |  1  2  3  4 |
---------------+-------------+-----
Spellcasting   | 4 5 8 |  8.6
Dodging        | |  2.4
Stealth        | |  2.4
Conjurations   | |  4.3

Action                   |  1- 3 |  4- 6 || total
-------------------------+-------+-------++-------
Melee: Short sword       |     4 |       ||     4
       Unarmed           |     1 |       ||     1
       Hand axe          |       |     1 ||     1
 Cast: Magic Dart        |    62 |    56 ||   118
       Searing Ray       |       |     5 ||     5
  Use: Scroll            |       |     2 ||     2
       Potion            |       |     1 ||     1
  Eat: Chunk             |     1 |     3 ||     4
Armor: Robe              |     3 |     3 ||     6
Dodge: Dodged            |    20 |    18 ||    38
